 Dungeon Crawl Stone Soup version 0.28-a0-1504-g839a4452db (webtiles) character file.

Game seed: 2797800644774083700

69102 Cheeritup the Tortoise (level 15, -4/103 HPs)
             Began as a Gargoyle Fighter on Jan 12, 2022.
             Was a High Priest of Okawaru.
             Killed by divine providence
             ... invoked by an orc high priest
              (12 damage)
             ... on level 2 of the Orcish Mines on Jan 13, 2022.
             The game lasted 01:43:48 (24910 turns).

Cheeritup the Tortoise (Gargoyle Fighter)          Turns: 24910, Time: 01:43:48

Health: -4/103     AC: 36    Str: 35    XL:     15   Next: 28%
Magic:  22/22      EV: 25    Int: 15    God:    Okawaru [*****.]
Gold:   1210       SH: 10    Dex: 19    Spells: 16/16 levels left

rFire   + . .      SeeInvis .   O - +2 eveningstar (venom)
rCold   . . .      Faith    .   y - +3 buckler "Zupteme" {Str+7}
rNeg    + + .      Spirit   .   w - +4 scale mail "Gaseqouc" {rN+ Str+5}
rPois   ∞          Reflect  .   i - +0 helmet
rElec   +          Harm     .   J - +2 cloak {rF+}
rCorr   .          Rampage  .   j - +2 pair of gloves
Will    ++...                   c - +0 pair of boots of Muesh {Stlth+}
Stlth   ++........              Q - amulet "Wuaschaxt" {Acrobat Slay+2}
HPRegen 0.27/turn               W - +6 ring of dexterity
MPRegen 0.18/turn               v - ring "Zoggubra" {Will+ Int+6 Stlth+}

@: spiked, acrobatic, flying, studying Earth Magic
A: sickness immunity, AC +11, big wings, negative energy resistance 1,
electricity resistance, torment resistance 1, petrification resistance
a: Renounce Religion, Heroism, Finesse, Duel


You were on level 2 of the Orcish Mines.
You worshipped Okawaru.
Okawaru was extremely pleased with you.
You visited 3 branches of the dungeon, and saw 19 of its levels.
You also visited: Gauntlet and Volcano.

You collected 1594 gold pieces.
You spent 384 gold pieces at shops.

Inventory:

Hand Weapons
 a - the +11 flail "Giantbane" {vorpal, *Slow rC+ rN++ Stlth+}
   (You found it on level 10 of the Dungeon)

   It inflicts extra damage upon your enemies.
   rC:        It protects you from cold.
   rN:        It greatly protects you from negative energy.
   *Slow:     It may slow you when you take damage.
   Stlth:     It makes you more stealthy.
 b - the +4 arbalest of the Lost Violins {freeze, Int+4}
   (Okawaru gifted it to you on level 11 of the Dungeon)

   Any ammunition fired from it freezes those it strikes, dealing additional
   cold damage.
   It can also slow down cold-blooded creatures.
   Int:       It affects your intelligence (+4).
 B - a +3 vorpal dire flail
 E - a +4 great mace of protection
 K - a +0 morningstar of protection
 O - a +2 eveningstar of venom (weapon)
Missiles
 f - 207 bolts
 G - 10 datura-tipped darts (quivered)
 S - 9 curare-tipped darts
Armour
 c - the +0 pair of boots of Muesh (worn) {Stlth+}
   (You found it on level 6 of the Lair of Beasts)

   Stlth:     It makes you more stealthy.
 h - an orb of light
 i - a +0 helmet (worn)
 j - a +2 pair of gloves (worn)
 q - a +3 kite shield of positive energy
 t - a +3 ring mail of cold resistance
 w - the +4 scale mail "Gaseqouc" (worn) {rN+ Str+5}
   (You found it on level 6 of the Dungeon)

   Str:       It affects your strength (+5).
   rN:        It protects you from negative energy.
 y - the +3 buckler "Zupteme" (worn) {Str+7}
   (Okawaru gifted it to you on level 11 of the Dungeon)

   Str:       It affects your strength (+7).
 D - a +3 leather armour of willpower
 J - a +2 cloak of fire resistance (worn)
 P - a +1 ring mail of cold resistance
 X - a +1 plate armour of fire resistance
Jewellery
 l - a ring of willpower
 r - a ring of willpower
 u - a ring of resist corrosion
 v - the ring "Zoggubra" (right hand) {Will+ Int+6 Stlth+}
   (You found it on level 4 of the Dungeon)

   [ring of intelligence]

   Int:       It affects your intelligence (+6).
   Will:      It increases your willpower.
   Stlth:     It makes you more stealthy.
 C - a ring of protection from cold
 Q - the amulet "Wuaschaxt" (around neck) {Acrobat Slay+2}
   (You found it in a Gauntlet)

   [amulet of the acrobat]

   It increases your evasion while moving and waiting.
   Slay:      It affects your accuracy & damage with ranged weapons and melee
   (+2).
 W - a +6 ring of dexterity (left hand)
 Z - an amulet of regeneration
Wands
 g - a wand of polymorph (5)
 H - a wand of digging (4)
 M - a wand of flame (14)
 T - a wand of iceblast (4)
Scrolls
 n - a scroll of fog
 o - 4 scrolls of teleportation
 z - 2 scrolls of amnesia
 A - 6 scrolls of identify
 U - a scroll of magic mapping
Potions
 d - 3 potions of haste
 k - 4 potions of might
 m - 5 potions of curing
 p - 3 potions of brilliance
 s - a potion of cancellation
 F - 2 potions of ambrosia
 I - a potion of mutation
 L - a potion of resistance
 N - a potion of magic {unknown}
Miscellaneous
 R - a lightning rod (4/4)


   Skills:
 - Level 15.0 Fighting
 + Level 14.3 Maces & Flails
 - Level 15.0 Armour
 - Level 10.0 Shields
 - Level 1.0 Spellcasting
 - Level 5.0 Earth Magic
 - Level 10.0 Invocations
 - Level 1.0 Evocations


You had 16 spell levels left.
You didn't know any spells.
Your spell library contained the following spells:

 Spells                   Type           Power      Damage    Failure   Level
 Apportation              Tloc           0%         N/A       43%         1
 Freeze                   Ice            0%         1d3       43%         1
 Magic Dart               Conj           0%         1d3       43%         1
 Poisonous Vapours        Pois/Air       0%         N/A       56%         2
 Static Discharge         Conj/Air       0%         N/A       56%         2
 Frozen Ramparts          Ice            0%         1d2       80%         3
 Mephitic Cloud           Conj/Pois/Air  0%         N/A       80%         3
 Portal Projectile        Hex/Tloc       0%         N/A       80%         3
 Anguish                  Hex/Necr       0%         N/A       99%         4
 Dispel Undead            Necr           0%         3d6       99%         4
 Hailstorm                Conj/Ice       0%         3d3       99%         4
 Sticky Flame             Conj/Fire      0%         2d3       99%         4
 Borgnjor's Vile Clutch   Necr/Erth      4%         N/A       99%         5
 Alistair's Intoxication  Tmut/Pois      0%         N/A       100%        5
 Blade Hands              Tmut           0%         N/A       100%        5
 Excruciating Wounds      Necr           0%         N/A       100%        5
 Eringya's Noxious Bog    Tmut/Pois      0%         N/A       100%        6
 Enfeeble                 Hex            0%         N/A       100%        7
 Call Imp                 Summ           Unusable   N/A       N/A         2
 Tukima's Dance           Hex            Unusable   N/A       N/A         3
 Animate Dead             Necr           Unusable   N/A       N/A         4
 Summon Forest            Summ/Tloc      Unusable   N/A       N/A         5
 Death Channel            Necr           Unusable   N/A       N/A         6
 Summon Hydra             Summ           Unusable   N/A       N/A         7
 Infestation              Necr           Unusable   N/A       N/A         8

Dungeon Overview and Level Annotations

Branches:
Dungeon (11/15)            Temple (0/1) D:4            Lair (6/6) D:9
 Spider (0/4) Lair:3        Slime (0/5) Lair:5          Orc (2/2) D:11
    Elf (0/3) Orc:2       Volcano (visited)         Gauntlet (visited)
  Swamp: Lair:2-4    Shoals: Lair:2-4

Altars:
Ashenzari
Makhleb
Nemelex Xobeh
Okawaru
Qazlal
Trog
Uskayaw
Vehumet
Zin
Beogh

Shops:
D:1 :   D:2 !   D:4 =   D:5 !   D:8 (   D:11 ?   Orc:1 =   Orc:2 *

Annotations:
Lair:4 1 runed translucent door, fly's ghost, journeyman DgDe


Innate Abilities, Weirdness & Mutations

You are immune to sickness and miasma.
Your stone body is resilient. (AC +11)
You are immune to poison.
Your large and strong wings let you fly.
You resist negative energy. (rN+)
You are resistant to electric shocks. (rElec)
You are resistant to unholy torment.
You are immune to petrification.


Message History

You assume a fearsome visage.
The orc priest looks frightened!
The red devil easily resists.
The orc priest looks frightened!
The orc priest resists with some effort.
The orc priest looks frightened!
The neqoxec looks frightened!
The sun demon looks frightened!
The orc looks frightened!
The orc high priest looks frightened!
The orc warrior looks frightened! x2
You block the orc priest's attack.
As you read the scroll of fog, it crumbles to dust.
The scroll dissolves into smoke.
The orc priest completely misses you.
The red devil hits you from afar with a +0 trident.
* * * LOW HITPOINT WARNING * * *
Barbed spikes become lodged in your body.
As you read the scroll of teleportation, it crumbles to dust.
You feel strangely unstable.
The orc priest hits you but does no damage.
You block the red devil's attack.
You impale the orc priest!!
You kill the orc priest!
Okawaru accepts your kill. You block the red devil's attack.
The orc knight roars a battlecry!
The red devil completely misses you.
Your surroundings suddenly seem different. 24 orcs come into view.
An orc warrior is wielding a +1 long sword of freezing.
An orc knight is wielding a +3 long sword and wearing a +1 chain mail of poison resistance.
Found Fazorgh's Assorted Antiques.
The orc priest shouts!
The orc warrior shouts! x2; The orc high priest shouts!
The orc warrior shouts!
You hear a shout!
The orc priest shouts! x3
You hear a shout! x2; The orc knight shouts!
The orc warrior shouts! x2
The orc knight shouts! x2; The orc shouts!
You hear a shout! x3
The orc priest invokes the aid of Beogh against you.
You resist with almost no effort.
An orc comes into view. It is wielding a +0 hand axe.
An orc high priest comes into view. It is wielding a +0 mace.
An orc warrior comes into view. It is wielding a +0 glaive.
An orc knight comes into view. It is wielding a +0 bardiche.
An orc warrior comes into view. It is wielding a +0 dire flail.
The orc high priest mumbles some strange prayers to Beogh against you.
Beogh smites you!
You die...

#######
###..o..###
#.........###
o......o..o.##
o......@..oo.#
o#.#.#o#o#o#.#
... ... ...oo
....o oo..o..
..oo.o.
.#o#.#o
.#.#.#∩
....... oo...#
...oo.. ..oo##


You could see 4 orc knights, 3 orc high priests, 12 orc warriors, 6 orc priests
and 3 orcs.

Vanquished Creatures
  A minotaur (Gauntlet)
  Josephine (Orc:1)
  10 hydras
  A boulder beetle (D:11)
  A catoblepas (Lair:3)
  Urug (D:11)
  12 death yaks
  A fire crab (Lair:6)
  A sixfirhy (D:7)
  A goliath frog (Lair:6)
  A deep elf archer (Volcano)
  2 ugly things (D:11)
  8 deep elf pyromancers (Volcano)
  A wolf spider (Lair:1)
  An orc sorcerer (Orc:1)
  3 oklob plants
  An eye of devastation (Gauntlet)
  6 black mambas
  An efreet (Gauntlet)
  2 torpor snails
  A gargoyle (D:9)
  20 cane toads
  11 komodo dragons
  2 kobold demonologists (D:11)
  6 rime drakes
  6 polar bears
  2 tyrant leeches (Lair:6)
  A troll (Orc:2)
  A hornet (D:9)
  25 blink frogs
  5 dream sheep
  A meliai zombie (D:10)
  5 wraiths (Orc:1)
  A shadow (D:11)
  2 wyverns
  7 basilisks
  45 yaks
  8 fire elementals
  5 steam dragons
  Eustachio (D:4)
  7 vampire mosquitoes
  A redback (Lair:3)
  2 swamp worms (Gauntlet)
  Menkaure (D:5)
  Edmund (D:5)
  An acid dragon (D:11)
  5 hell hounds
  14 water moccasins
  A floating eye (Gauntlet)
  5 black bears
  12 orc warriors
  An ice beast (D:5)
  4 sky beasts
  2 ogres
  16 wolves
  4 centaurs
  2 phantoms
  15 bullfrogs
  4 kobold brigands
  2 gnoll sergeants (D:7)
  2 scorpions (D:6)
  A wyvern zombie (D:7)
  A wyvern skeleton (D:7)
  7 killer bees
  8 wights
  4 electric eels
  A bullfrog zombie (D:7)
  A howler monkey (D:6)
  4 centaur zombies
  A hound (D:5)
  7 jellies
  20 orc priests
  A bullfrog skeleton (D:7)
  5 iguanas
  14 orc wizards
  6 hell rats (Lair:6)
  2 howler monkey zombies
  19 gnolls
  14 adders
  A shadow imp (D:5)
  4 white imps
  An adder skeleton (D:4)
  2 dart slugs
  A worm (D:2)
  69 orcs
  6 ball pythons
  22 endoplasms
  6 giant cockroaches
  5 goblins
  8 hobgoblins
  28 kobolds
  5 bats
  8 frilled lizards
  6 rats
  A butterfly (Lair:4)
602 creatures vanquished.

Vanquished Creatures (others)
  An orc (D:11)
  A bush (Lair:3)
  46 fungi
  135 plants
  24 withered plants (Gauntlet)
207 creatures vanquished.

Grand Total: 809 creatures vanquished

Notes
Turn   | Place    | Note
-------+----------+-------------------------------------------
     0 | D:1      | Cheeritup the Gargoyle Fighter began the quest for the Orb.
     0 | D:1      | Reached XP level 1. HP: 14/14 MP: 1/1
   479 | D:1      | Reached XP level 2. HP: 18/19 MP: 2/2
  1116 | D:1      | Found Raxtiud's Book Emporium.
  1568 | D:2      | Reached XP level 3. HP: 23/23 MP: 3/3
  1573 | D:2      | Found Xost's Distillery.
  2056 | D:2      | Reached XP level 4. HP: 25/28 MP: 4/4
  2295 | D:3      | Found an iron altar of Okawaru.
  2301 | D:3      | Became a worshipper of Warmaster Okawaru
  2647 | D:3      | Found a broken altar of Ashenzari.
  2962 | D:4      | Reached skill level 5 in Shields
  2962 | D:4      | Reached XP level 5. HP: 14/32 MP: 5/5
  3170 | D:4      | Identified the ring "Zoggubra" {Will+ Int+6 Stlth+}
  3175 | D:4      | Identified a scroll of acquirement
  3175 | D:4      | Acquired a manual of Earth Magic
  3179 | D:4      | Found a staircase to the Ecumenical Temple.
  3234 | D:4      | Noticed Eustachio
  3268 | D:4      | Killed Eustachio
  3269 | D:4      | Reached skill level 1 in Spellcasting
  3269 | D:4      | Reached XP level 6. HP: 24/37 MP: 5/7
  3503 | D:4      | Reached * piety under Okawaru
  3544 | D:4      | Found Zysh's Jewellery Emporium.
  3695 | D:4      | Reached skill level 5 in Maces & Flails
  3695 | D:4      | Reached XP level 7. HP: 38/41 MP: 8/8
  3743 | D:4      | Noticed a fire elemental
  3752 | D:4      | Found a stormy altar of Qazlal.
  3755 | D:4      | Noticed a water elemental
  3755 | D:4      | Noticed an air elemental
  3858 | D:4      | Reached skill level 5 in Earth Magic
  5035 | D:5      | Entered Level 5 of the Dungeon
  5087 | D:5      | Reached ** piety under Okawaru
  5088 | D:5      | Reached skill level 5 in Fighting
  5249 | D:5      | Reached XP level 8. HP: 49/49 MP: 9/9
  5255 | D:5      | Noticed Menkaure
  5268 | D:5      | Killed Menkaure
  5388 | D:5      | Noticed Edmund
  5398 | D:5      | Killed Edmund
  5399 | D:5      | Reached skill level 1 in Invocations
  5451 | D:5      | Found Dojiyst's Distillery.
  5456 | D:5      | Bought a potion of haste for 120 gold pieces
  5456 | D:5      | Bought a potion of might for 48 gold pieces
  5753 | D:5      | Reached *** piety under Okawaru
  5912 | D:5      | Reached XP level 9. HP: 45/54 MP: 11/11
  6292 | D:6      | Identified the +4 scale mail "Gaseqouc" {rN+ Str+5}
  6940 | D:6      | Reached skill level 5 in Armour
  7207 | D:7      | Found a runed translucent door.
  7208 | D:7      | Found a burning altar of Makhleb.
  7208 | D:7      | Noticed a sixfirhy
  7248 | D:7      | Reached **** piety under Okawaru
  7361 | D:7      | Found a bloodstained altar of Trog.
  7486 | D:7      | Received a gift from Okawaru
  7620 | D:7      | Found a radiant altar of Vehumet.
  7777 | D:7      | Reached skill level 10 in Maces & Flails
  8010 | D:7      | Reached XP level 10. HP: 43/59 MP: 11/13
  8449 | D:7      | Killed a sixfirhy
  8581 | D:8      | Found Guwoe's Weapon Shop.
  8998 | D:8      | Found a glowing silver altar of Zin.
  9190 | D:8      | Reached ***** piety under Okawaru
  9323 | D:8      | Reached skill level 5 in Invocations
  9417 | D:8      | Identified the +1 ring mail of the Doldrums {Contam rPois
                  | Str+7 Dex-5}
  9450 | D:8      | Received a gift from Okawaru
  9956 | D:9      | Found a hide-covered altar of Uskayaw.
 10307 | D:9      | Found a staircase to the Lair.
 10307 | D:9      | Noticed a death yak
 10337 | D:9      | Killed a death yak
 10391 | D:9      | Noticed a death yak
 10391 | D:9      | Noticed a death yak
 10426 | D:9      | Killed a death yak
 10426 | D:9      | Received a gift from Okawaru
 10427 | D:9      | Reached XP level 11. HP: 59/66 MP: 12/14
 10437 | D:9      | Killed a death yak
 11649 | D:10     | Entered Level 10 of the Dungeon
 11677 | D:10     | Identified the +11 flail "Giantbane" {vorpal, *Slow rC+
                  | rN++ Stlth+}
 12233 | D:10     | Found a sparkling altar of Nemelex Xobeh.
 12425 | D:11     | Noticed a boulder beetle
 12445 | D:11     | Killed a boulder beetle
 12445 | D:11     | Identified the +4 arbalest of the Lost Violins {freeze,
                  | Int+4} (Okawaru gifted it to you on level 11 of the
                  | Dungeon)
 12445 | D:11     | Received a gift from Okawaru
 12537 | D:11     | Noticed a green ugly thing
 12551 | D:11     | Killed a green ugly thing
 12673 | D:11     | Reached XP level 12. HP: 72/73 MP: 15/15
 13030 | D:11     | Found a staircase to the Orcish Mines.
 13137 | D:11     | Noticed Urug
 13161 | D:11     | Killed Urug
 13161 | D:11     | Identified the +3 buckler "Zupteme" {Str+7} (Okawaru gifted
                  | it to you on level 11 of the Dungeon)
 13161 | D:11     | Received a gift from Okawaru
 13162 | D:11     | Reached skill level 10 in Armour
 13638 | D:11     | Found Alyqucoi's Magic Scroll Shoppe.
 13649 | D:11     | Bought a scroll of teleportation for 48 gold pieces
 13649 | D:11     | Bought a scroll of teleportation for 48 gold pieces
 13649 | D:11     | Bought a scroll of blinking for 120 gold pieces
 13735 | Lair:1   | Entered Level 1 of the Lair of Beasts
 14354 | Lair:1   | Reached skill level 10 in Fighting
 14555 | Lair:1   | Identified the +3 scale mail "Wibbiat" {rElec} (Okawaru
                  | gifted it to you on level 1 of the Lair of Beasts)
 14555 | Lair:1   | Received a gift from Okawaru
 14723 | Lair:1   | Got Cexkihoc's Incunabulum of Poisoning and Stolen Souls
 14924 | Lair:1   | Upgraded the game from 0.28-a0-1486-g8196b01e9b to
                  | 0.28-a0-1504-g839a4452db
 15541 | Lair:1   | Reached XP level 13. HP: 78/83 MP: 18/18
 16341 | Lair:2   | You fall into a shaft and drop 1 floor!
 16426 | Lair:3   | Found a gate leading to a gauntlet.
 16615 | Lair:3   | Received a gift from Okawaru
 16624 | Lair:3   | Reached ****** piety under Okawaru
 16779 | Gauntlet | Entered a Gauntlet
 16779 | Gauntlet | Found a transporter.
 16822 | Gauntlet | Found a transporter.
 16839 | Gauntlet | Found a transporter.
 16844 | Gauntlet | Found a transporter.
 16861 | Gauntlet | Found a transporter.
 16879 | Gauntlet | Found a transporter.
 16891 | Gauntlet | Found a transporter.
 16903 | Gauntlet | Found a transporter.
 16915 | Gauntlet | Found a transporter.
 16927 | Gauntlet | Found a transporter.
 16946 | Gauntlet | Found a transporter.
 16961 | Gauntlet | Found a transporter.
 16963 | Gauntlet | Found a transporter.
 16990 | Gauntlet | Found a transporter.
 16990 | Gauntlet | Found a transporter.
 17010 | Gauntlet | Found a transporter.
 17016 | Gauntlet | Found a transporter.
 17082 | Gauntlet | Found a transporter.
 17373 | Gauntlet | Received a gift from Okawaru
 17397 | Gauntlet | Identified the amulet "Wuaschaxt" {Acrobat Slay+2}
 17438 | Gauntlet | Noticed a minotaur
 17450 | Gauntlet | Killed a minotaur
 17751 | Lair:3   | Found a hole to the Spider Nest.
 18242 | Lair:4   | Reached skill level 1 in Evocations
 18263 | Lair:4   | Found a runed translucent door.
 18442 | Lair:4   | Noticed fly's ghost (journeyman DgDe)
 18636 | Lair:4   | Found a dark tunnel.
 18648 | Volcano  | Entered a volcano
 18858 | Volcano  | Gained mutation: Your large and strong wings let you fly.
                  | [Gargoyle growth]
 18858 | Volcano  | Reached XP level 14. HP: 66/92 MP: 21/21
 19192 | Volcano  | Reached skill level 10 in Invocations
 20247 | Lair:5   | Received a gift from Okawaru
 20719 | Lair:5   | Identified the +1 falchion "Cenn" {vorpal, rF- Str+3 Int+3
                  | SInv}
 20825 | Lair:5   | Received a gift from Okawaru
 20973 | Lair:5   | Found a staircase to the Slime Pits.
 21530 | Lair:6   | Entered Level 6 of the Lair of Beasts
 21850 | Lair:6   | Received a gift from Okawaru
 22239 | Lair:6   | Identified the +7 quarterstaff "Dedwat" {vamp, rN+ Will+
                  | Dex-5} (Okawaru gifted it to you on level 6 of the Lair of
                  | Beasts)
 22239 | Lair:6   | Received a gift from Okawaru
 22825 | Lair:6   | Identified the +0 pair of boots of Muesh {Stlth+}
 23058 | Lair:6   | Reached skill level 15 in Armour
 23058 | Lair:6   | Reached XP level 15. HP: 88/101 MP: 22/22
 23061 | Lair:6   | Reached skill level 15 in Fighting
 24138 | Orc:1    | Entered Level 1 of the Orcish Mines
 24277 | Orc:1    | Noticed Josephine
 24284 | Orc:1    | Reached skill level 10 in Shields
 24291 | Orc:1    | Killed Josephine
 24303 | Orc:1    | Received a gift from Okawaru
 24515 | Orc:1    | Found Sush's Jewellery Shoppe.
 24800 | Orc:2    | Entered Level 2 of the Orcish Mines
 24813 | Orc:2    | Found a staircase to the Elven Halls.
 24910 | Orc:2    | Found Fazorgh's Assorted Antiques.
 24910 | Orc:2    | Killed from afar by an orc high priest

Illustrated notes

Levels and vault maps discovered:
D:1:      dpeg_arrival_central, layout_loops_ring, serial_shops,
          nicolae_shop_advertising_works [nicolae_subvault_shop_adworks]
D:2:      layout_rooms, serial_shops, nicolae_shop_stone
D:3:      layout_loops_ring, mainiacjoe_overflow_24_doors, okawaru_gym_becter,
          minmay_ruptured
D:4:      layout_gridville, nicolae_qazlal_style_of_elements,
          minmay_temple_entry_water_ring, minmay_shop_enchanted_jewellery,
          st_stairs_7, uniq_eustachio
D:5:      layout_loops_ring, serial_shops, kennysheep_mini, uniq_menkaure,
          uniq_edmund
D:6:      layout_basic
D:7:      layout_loops_ring, trog_ov_bears_minmay, nzn_makhleb_speed_demon,
          general_overflow_altar
D:8:      layout_basic, zin_academy, serial_shops, kennysheep_mini_moat
D:9:      layout_gridville, mainiacjoe_overflow_cross_hatched,
          dpeg_lair_monsters, minmay_misc_feat_hallway
D:10:     layout_long_grid, nemelex_spade_bored_becter
D:11:     layout_stronghold, hiddenorc2_lemuel, serial_shops,
          nicolae_square_shop, uniq_urug
Lair:1:   minmay_lair_venomous_thicket, layout_hall_layers,
          chequers_serial_rivers_room_b
Lair:2:   layout_loops_ring, elwin_shoals_entry_stream,
          nicolae_quartered_pool_little, lemuel_fruit_fields
Lair:3:   layout_loops_ring, spider_nest_entry_a, gauntlet_entry_generic
Lair:4:   lemuel_slime, layout_long_grid, hellmonk_ghost_happy_afterlife,
          enter_volcano_2, lemuel_fruit_fields
Lair:5:   minmay_lair_oklob_chamber, layout_regular_city,
          nicolae_slime_entry_slimehenge
Lair:6:   minmay_lair_end_frog_pond, layout_cave_pods, gammafunk_lair_bear_cave
Orc:1:    layout_caves, serial_shops, nicolae_shop_window_shopping,
          mines1_david, uniq_josephine
Orc:2:    st_orc_pillars, layout_caves

Skill      XL: |  1  2  3  4  5  6  7  8  9 10 11 12 13 14 15 |
---------------+----------------------------------------------+-----
Shields        | 4 5 6 8 10 | 10.0
Maces & Flails | 3 4 5 8 10 12 14 | 14.3
Spellcasting   | 1 |  1.0
Earth Magic    | 2 3 5 |  5.0
Fighting       | 5 6 8 10 12 14 15 | 15.0
Invocations    | 3 4 5 7 9 10 | 10.0
Armour         | 6 8 9 10 12 15 | 15.0
Evocations     | 1 |  1.0

Action                   |  1- 3 |  4- 6 |  7- 9 | 10-12 | 13-15 || total
-------------------------+-------+-------+-------+-------+-------++-------
Melee: Flail             |   133 |   166 |   111 |   612 |   141 ||  1163
       Dire flail        |       |       |   196 |    82 |       ||   278
       Eveningstar       |       |       |       |       |   693 ||   693
 Fire: Shortbow          |       |       |       |     5 |       ||     5
Throw: Throwing net      |       |       |     1 |       |       ||     1
       Dart              |       |       |       |       |    12 ||    12
Invok: Heroism           |       |       |     2 |    14 |    16 ||    32
       Finesse           |       |       |       |     5 |     4 ||     9
Evoke: Wand              |       |       |       |    14 |       ||    14
  Use: Scroll            |       |     8 |    10 |     5 |    11 ||    34
       Potion            |       |     1 |     1 |     1 |     5 ||     8
 Stab: Sleeping          |       |     1 |       |     2 |     4 ||     7
       Distracted        |       |       |       |     1 |     1 ||     2
Armor: Scale mail        |    33 |    27 |    69 |   365 |   471 ||   965
       Ring mail         |    24 |    10 |       |       |       ||    34
       Fire dragon scale |       |     8 |   102 |       |       ||   110
       Leather armour    |       |    14 |    28 |       |       ||    42
Dodge: Dodged            |    72 |    41 |   149 |   240 |   398 ||   900
Block: Buckler           |    22 |       |       |    91 |   421 ||   534
       Kite shield       |    20 |   101 |    89 |   272 |       ||   482

Table legend: (Time is in decaauts)
 A = Elapsed time spent in this place.
 B = Non-inter-level travel time spent in this place.
 C = Inter-level travel time spent in this place.
 D = Time resting spent in this place.
 E = Time spent auto-exploring this place.
 F = Levels seen in this place.
 G = Mean time per level.
                   A        B        C        D        E       F      G
               +--------+--------+--------+--------+--------+-----+--------+
         Total |  24665 |  23339 |   1326 |   4391 |  13059 |  21 | 1174.5 |
       Dungeon |  13811 |  12943 |    868 |   1390 |   8683 |  11 | 1255.5 |
          Lair |   8567 |   8129 |    438 |   2371 |   3651 |   6 | 1427.8 |
  Orcish Mines |    745 |    726 |     19 |      0 |    540 |   2 |  372.5 |
       Volcano |    801 |    801 |      0 |    530 |      0 |   1 |  801.0 |
      Gauntlet |    740 |    740 |      0 |    100 |    185 |   1 |  740.0 |
               +--------+--------+--------+--------+--------+-----+--------+

Top non-repeatable levels by time:
  Lair:1: 2112 daAuts
  Lair:6: 2081 daAuts
     D:9: 1739 daAuts
     D:4: 1719 daAuts
  Lair:5: 1666 daAuts
     D:1: 1555 daAuts
     D:8: 1386 daAuts
    D:11: 1324 daAuts
     D:3: 1283 daAuts
     D:7: 1273 daAuts
     D:5: 1206 daAuts
  Lair:4: 1128 daAuts
  Lair:3: 1054 daAuts
     D:6: 934 daAuts
 Volcano: 801 daAuts
